 Dungeon Crawl Stone Soup version 0.22-a0-469-gf26638a (webtiles) character file.

57 iamserjio the Insei (level 3, -8/33 HPs)
             Began as a Draconian Monk on June 11, 2018.
             Killed by divine providence
             ... invoked by an orc priest
              (15 damage)
             ... on level 3 of the Dungeon.
             The game lasted 00:03:10 (2005 turns).

iamserjio the Insei (Draconian Monk)                Turns: 2005, Time: 00:03:10

Health: -8/33      AC:  6    Str: 13    XL:     3   Next: 73%
Magic:  3/3        EV: 13    Int: 11    God:
Gold:   95         SH:  0    Dex: 13    Spells: 2/2 levels left

rFire    . . .     SeeInvis .     - Unarmed
rCold    . . .     Gourm    .   (no shield)
rNeg     . . .     Faith    .   (armour unavailable)
rPois    .         Spirit   .   (helmet restricted)
rElec    .         Reflect  .   g - +0 cloak
rCorr    .         Harm     .   (no gloves)
MR       .....                  (no boots)
Stlth    ++........             (no amulet)
HPRegen  0.11/turn              (no ring)
MPRegen  0.08/turn              (no ring)

@: no status effects
A: unfitting armour, cold-blooded, AC +5
a: no special abilities


You were on level 3 of the Dungeon.
You were not hungry.

You visited 1 branch of the dungeon, and saw 3 of its levels.

You collected 95 gold pieces.

Inventory:

Missiles
 d - 10 arrows
 o - 18 poisoned needles
 p - 66 stones (quivered)
Armour
 g - a +0 cloak (worn)
 k - a +0 shield
Jewellery
 f - an uncursed amulet of rage {unknown}
 q - a +5 ring of dexterity {unknown}
Scrolls
 c - a scroll of noise {unknown}
 e - a scroll of blinking {unknown}
 h - a scroll of identify {unknown}
 i - a scroll of enchant weapon {unknown}
 j - a scroll of amnesia {unknown}
 l - a scroll of enchant armour {unknown}
 n - 2 scrolls of remove curse {unknown}
Potions
 b - 3 potions of curing {unknown}
 m - a potion of haste {unknown}
Comestibles
 a - 3 rations


   Skills:
 + Level 3.8 Fighting
 + Level 3.1 Dodging
 - Level 1.7 Stealth
 * Level 4.0 Unarmed Combat


You had 2 spell levels left.
You didn't know any spells.
Your spell library was empty.

Dungeon Overview and Level Annotations

Branches:
Dungeon (3/15)

Altars:


Innate Abilities, Weirdness & Mutations

Your plain brown scales are hard. (AC +5)
You cannot fit into any form of body armour.
You are cold-blooded and may be slowed by cold attacks.


Message History

You hit the orc priest.
The orc priest is lightly wounded.
The orc priest misses you.
You closely miss the orc priest.
The orc priest is lightly wounded.
The orc priest mumbles some strange prayers to Beogh against you.
Beogh smites you!
You hit the orc priest.
Your tail-slap misses the orc priest.
The orc priest is moderately wounded.
The orc priest hits you.
You hit the orc priest but do no damage.
The orc priest is moderately wounded.
The orc priest mumbles some strange prayers to Beogh against you.
Pain shoots through your body!
* * * LOW HITPOINT WARNING * * *
You punch the orc priest!
The orc priest is almost dead.
The orc priest mumbles some strange prayers to Beogh against you.
Beogh smites you!
You die...

########## #........# ###
#.######.# ..#
##.######.#### #.#
#..o@.......># #.#
#(.######.##.###
#.####(.####).........
#.##.(......).......##
######.##.#..####.#.##.#.#
#.o....o..#..# #.#.# .# #
#.####.####..# #.#.. . #.#
#.# #..# #.#.## # ###.#
#.. ...# #.#.#


You could see an orc priest and an orc (wandering).

Vanquished Creatures
  An adder (D:2)
  An ooze (D:2)
  A dart slug (D:1)
  2 leopard geckos
  3 orcs (D:3)
  A ball python (D:1)
  2 giant cockroaches
  2 goblins (D:2)
  2 hobgoblins (D:1)
  3 jackals (D:1)
  7 kobolds
  3 bats
  A frilled lizard (D:2)
  8 rats
37 creatures vanquished.

Notes
Turn   | Place    | Note
-------+----------+-------------------------------------------
     0 | D:1      | iamserjio the Draconian Monk began the quest for the Orb.
     0 | D:1      | Reached XP level 1. HP: 19/19 MP: 1/1
   147 | D:1      | Reached XP level 2. HP: 24/26 MP: 2/2
   759 | D:2      | Reached XP level 3. HP: 30/33 MP: 3/3
  1590 | D:3      | Reached skill level 4 in Unarmed Combat
  2005 | D:3      | Killed from afar by an orc priest

Vault maps used:
D:1:      mrwooster_arrival_statue_2, grunt_decor_one_mirror
D:2:      first_ration
D:3:      lemuel_round_altar, serial_park_tiny_pond, uniq_robin

Skill      XL: |  1  2  3 |
---------------+----------+-----
Dodging        | 3 |  3.1
Unarmed Combat | 4 |  4.0
Fighting       | |  3.8
Stealth        | |  1.7

Action                   || total
-------------------------++-------
Melee: Unarmed           ||   122
       Tailslap          ||    12
       Punch             ||     2
Throw: Stone             ||     5
 Stab: Sleeping          ||     2
  Eat: Ration            ||     1
Armor: Skin              ||    29
Dodge: Dodged            ||    69

Table legend:
 A = Spawn XP
 B = Non-spawn XP
 C = Spawn XP percentage of total XP
 D = Spawn monster count
 E = Non-spawn monster count
 F = Spawn count percentage of total count
 G = Total turns spent on level
                    A         B        C        D         E        F      G
               +---------+---------+-------+---------+---------+-------+---------
         Total |       0 |      82 |   0.0 |       0 |      37 |   0.0 |  2005
               +---------+---------+-------+---------+---------+-------+---------
           D:1 |       0 |      32 |   0.0 |       0 |      18 |   0.0 |   563
           D:2 |       0 |      40 |   0.0 |       0 |      15 |   0.0 |  1238
           D:3 |       0 |      10 |   0.0 |       0 |       4 |   0.0 |   204
               +---------+---------+-------+---------+---------+-------+---------
